 Dungeon Crawl Stone Soup version 0.22-a0-348-gd16d1391c7 (webtiles) character file.

847 Kriby the Skirmisher (level 7, -15/57 HPs)
             Began as a Mummy Fighter on Apr 12, 2018.
             Killed from afar by a manticore (17 damage)
             ... with a volley of spikes
             ... on level 6 of the Dungeon.
             The game lasted 00:04:26 (5351 turns).

Kriby the Skirmisher (Mummy Fighter)                Turns: 5351, Time: 00:04:26

Health: -15/57     AC:  7    Str: 21    XL:     7   Next: 68%
Magic:  7/7        EV:  7    Int:  8    God:
Gold:   360        SH:  9    Dex: 11    Spells: 6/6 levels left

rFire    x . .     SeeInvis .   a - +0 war axe
rCold    + . .     Gourm    .   c - +0 shield
rNeg     + + +     Faith    .   b - +0 scale mail
rPois    ∞         Spirit   .   (no helmet)
rElec    .         Reflect  .   (no cloak)
rCorr    .         Harm     .   (no gloves)
MR       .....                  (no boots)
Stlth    ..........             j - amulet of magic regeneration
HPRegen  0.19/turn              (no ring)
MPRegen  0.35/turn              (no ring)

@: barbed spikes
A: no food or potions, fire vulnerability, cold resistance 1, negative energy
resistance 3, torment resistance, unbreathing
a: no special abilities


You were on level 6 of the Dungeon.
You were not hungry.

You visited 2 branches of the dungeon, and saw 7 of its levels.
You also visited: Sewer.

You collected 360 gold pieces.

Inventory:

Hand Weapons
 a - a +0 war axe (weapon)
 i - a +1 whip of electrocution
Armour
 b - a +0 scale mail (worn)
 c - a +0 shield (worn)
Jewellery
 j - an amulet of magic regeneration (around neck)
 o - an uncursed ring of see invisible {unknown}
Wands
 h - a wand of random effects (3)
Scrolls
 d - 4 scrolls of identify {unknown}
 e - 2 scrolls of blinking {unknown}
 f - 2 scrolls of teleportation {unknown}
 g - a scroll of immolation {unknown}
 k - a scroll of fear {unknown}
 l - 2 scrolls of amnesia {unknown}
 m - a scroll of enchant armour {unknown}
 n - a scroll of remove curse {unknown}


   Skills:
 * Level 5.9 Fighting
 + Level 3.6 Axes
 + Level 4.1 Armour
 + Level 4.1 Shields


You had 6 spell levels left.
You didn't know any spells.

Dungeon Overview and Level Annotations

Branches:
Dungeon (6/15)             Temple (1/1) D:5

Altars:
Ashenzari
Cheibriados
Dithmenos
Elyvilon
Gozag
Hepliaklqana
Kikubaaqudgha
Makhleb
Nemelex Xobeh
Qazlal
Ru
Sif Muna
Trog
Uskayaw
Wu Jian
Xom
Yredelemnul
The Shining One

Annotations:
D:2 Sigmund


Innate Abilities, Weirdness & Mutations

You do not eat or drink.
Your flesh is vulnerable to fire.
You are immune to poison.
Your flesh is cold resistant. (rC+)
You are immune to negative energy. (rN+++)
You are immune to unholy pain and torment.
You can survive without breathing.


Message History

Aiming: Random Effects
Press: ? - help, Shift-Dir - straight line, f - manticore
Aim: a manticore The manticore twists and deforms.
The manticore flicks its tail.
The volley of spikes hits you!
The barbed spikes become lodged in your body.
* * * LOW HITPOINT WARNING * * *
Evoke which item? (* to show all) (? for menu, Esc to quit)
Aiming: Random Effects
Press: ? - help, Shift-Dir - straight line, f/p - manticore
Aim: a manticore (misshapen and mutated)
The manticore flickers and vanishes!
The barbs in your skin will harm you if you move.
Continue?
The barbed spikes dig painfully into your body as you move.
* * * LOW HITPOINT WARNING * * *
A volley of spikes appears from out of thin air!
The volley of spikes hits you!
The barbed spikes become lodged in your body.
You die...

.### ## #..
.... .# #>#
#..###.###
#.#
#....@>..#
#.#
#.####.#.....
#.# ... ..#
#.# ###.
..... # #.#
..# .#.#..#
#<# ... ....
.# #.# #.# .#
.? . #<# #.#
.# #.# #z#
#.### #


There were no monsters in sight!

Vanquished Creatures
  Edmund (D:4)
  A phantom (D:5)
  A crocodile (Sewer)
  2 scorpions (D:5)
  A wight (D:6)
  An orc priest (D:3)
  A centaur skeleton (D:4)
  A hound (D:6)
  An orc wizard (D:5)
  A bullfrog skeleton (D:5)
  Jessica (D:2)
  4 worker ants
  A worker ant zombie (D:5)
  8 adders
  2 oozes
  2 dart slugs (D:2)
  2 worms
  3 leopard geckos
  6 orcs
  2 giant cockroaches
  4 goblins
  3 hobgoblins
  6 jackals
  A quokka (D:2)
  15 bats
  5 frilled lizards
  11 kobolds
  8 rats
95 creatures vanquished.

Notes
Turn   | Place    | Note
-------+----------+-------------------------------------------
     0 | D:1      | Kriby the Mummy Fighter began the quest for the Orb.
     0 | D:1      | Reached XP level 1. HP: 18/18 MP: 1/1
   231 | D:1      | Reached XP level 2. HP: 24/24 MP: 2/2
   646 | D:2      | Found a sparkling altar of Nemelex Xobeh.
   666 | D:2      | Reached XP level 3. HP: 29/29 MP: 3/3
  1042 | D:2      | Reached XP level 4. HP: 32/35 MP: 4/4
  1189 | D:2      | Noticed Jessica
  1198 | D:2      | Killed Jessica
  1274 | D:2      | Found a burning altar of Makhleb.
  1344 | D:2      | Noticed Sigmund
  1692 | D:3      | Reached XP level 5. HP: 25/42 MP: 5/5
  1823 | D:3      | Found a white marble altar of Elyvilon.
  1926 | D:3      | Found a shadowy altar of Dithmenos.
  1928 | D:3      | Found an ornate altar of the Wu Jian Council.
  2005 | D:3      | Reached skill level 4 in Fighting
  2390 | D:3      | Found a glowing drain.
  2394 | Sewer    | Entered a sewer
  2431 | Sewer    | Noticed a crocodile
  2441 | Sewer    | Killed a crocodile
  2845 | D:4      | Noticed Edmund
  2852 | D:4      | Reached XP level 6. HP: 36/49 MP: 6/6
  2863 | D:4      | Killed Edmund
  3211 | D:4      | Found a hide-covered altar of Uskayaw.
  3442 | D:4      | Found a shattered altar of Ashenzari.
  3455 | D:4      | Reached skill level 5 in Fighting
  3649 | D:5      | Entered Level 5 of the Dungeon
  3695 | D:5      | Found a deep blue altar of Sif Muna.
  3825 | D:5      | Reached XP level 7. HP: 49/56 MP: 7/7
  4121 | D:5      | Found a staircase to the Ecumenical Temple.
  4349 | Temple   | Entered the Ecumenical Temple
  4648 | D:5      | Found the +7 Singing Sword
  4807 | D:5      | Found an opulent altar of Gozag.
  5343 | D:6      | Noticed a manticore
  5351 | D:6      | HP: 2/57 [barbs]
  5351 | D:6      | Killed from afar by a manticore

Vault maps used:
D:1:      dpeg_arrival_orchard
D:2:      lightli_temple_of_fire, nicolae_overflow_crystal_walls, first_ration,
          st_stairs_6, uniq_sigmund, uniq_jessica
D:3:      grunt_temple_overflow_open, lemuel_doored_altar, gup_sewer_entry_bowl,
          moated_statue, minmay_cupped
D:4:      kennysheep_mini, cheibrodos_ashenzari_chains, uniq_edmund
D:5:      old_forge, nicolae_gozag_cash_rules_everything_around_me,
          lemuel_crystal_altar, minmay_temple_entry_nine_rooms
D:6:      serial_shops, shop
Temple:   chequers_temple_sunken
Sewer:    sewer_big_baddie

Skill      XL: |  1  2  3  4  5  6  7 |
---------------+----------------------+-----
Axes           | 2 3 |  3.6
Armour         | 3 4 |  4.1
Shields        | 3 4 |  4.1
Fighting       | 4 5 |  5.9

Action                   |  1- 3 |  4- 6 |  7- 9 || total
-------------------------+-------+-------+-------++-------
Melee: War axe           |   109 |   207 |    86 ||   402
Evoke: Wand              |       |     3 |     6 ||     9
 Stab: Paralysed         |       |     1 |       ||     1
       Held in net/web   |       |       |     1 ||     1
Armor: Scale mail        |    68 |   157 |    31 ||   256
Dodge: Dodged            |    42 |    78 |    30 ||   150
Block: Shield            |    55 |   144 |    41 ||   240

Table legend:
 A = Spawn XP
 B = Non-spawn XP
 C = Spawn XP percentage of total XP
 D = Spawn monster count
 E = Non-spawn monster count
 F = Spawn count percentage of total count
 G = Total turns spent on level
                    A         B        C        D         E        F      G
               +---------+---------+-------+---------+---------+-------+---------
         Total |       0 |    1211 |   0.0 |       0 |      95 |   0.0 |  5351
               +---------+---------+-------+---------+---------+-------+---------
           D:1 |       0 |      30 |   0.0 |       0 |      19 |   0.0 |   922
           D:2 |       0 |     126 |   0.0 |       0 |      22 |   0.0 |   763
           D:3 |       0 |     117 |   0.0 |       0 |      20 |   0.0 |   830
           D:4 |       0 |     293 |   0.0 |       0 |      10 |   0.0 |   847
           D:5 |       0 |     444 |   0.0 |       0 |      16 |   0.0 |  1455
           D:6 |       0 |      99 |   0.0 |       0 |       2 |   0.0 |    43
         Sewer |       0 |     102 |   0.0 |       0 |       6 |   0.0 |   287
               +---------+---------+-------+---------+---------+-------+---------
